 Dungeon Crawl Stone Soup version 0.30-a0-949-g53dc5368d7 (webtiles) character file.

Game seed: 3328586541938640273

4981 bande the Cleaver (level 10, -10/67 HPs)
             Began as a Gargoyle Fighter on Mar 28, 2023.
             Was a Priest of Okawaru.
             Mangled by a black mamba (13 damage)
             ... on level 8 of the Dungeon.
             The game lasted 00:16:35 (7517 turns).

bande the Cleaver (Gargoyle Fighter)                Turns: 7517, Time: 00:16:36

Health: -10/67     AC: 30    Str: 21    XL:     10   Next: 53%
Magic:  13/13      EV:  6    Int:  8    God:    Okawaru [***...]
Gold:   422        SH:  5    Dex: 13    Spells: 9/9 levels left

rFire   + . .      SeeInvis .    a - +0 war axe
rCold   . . .      Faith    .    c - +0 buckler
rNeg    + . .      Spirit   .    p - +0 plate armour
rPois   ∞          Reflect  .    b - +1 helmet
rElec   +          Rampage  .    B - +1 cloak
rCorr   .                        (no gloves)
Will    .....                    x - +0 pair of boots Stlth
                                 (no amulet)
HPRegen 1.11/turn                G - +4 ring of protection
MPRegen 0.13/turn                (no ring)

@: mighty
A: sickness immunity, AC +7, negative energy resistance 1, electricity
resistance, torment resistance 1, petrification resistance, fire resistance 1,
regeneration 1, robust 1
a: Renounce Religion, Heroism


You were on level 8 of the Dungeon.
You worshipped Okawaru.
Okawaru was most pleased with you.
You visited 2 branches of the dungeon, and saw 9 of its levels.
You also visited: Sewer.

You collected 422 gold pieces.

Inventory:

Hand Weapons
 a - a +0 war axe (weapon)
 q - a +0 hand axe of flaming
 y - a +0 war axe
Armour
 b - a +1 helmet (worn)
 c - a +0 buckler (worn)
 p - a +0 plate armour (worn)
 x - a +0 pair of boots (worn)
 B - a +1 cloak (worn)
 F - the +0 scale mail of the Desolation of Salt {rPois rF+ Str+6}
   (You found it on level 7 of the Dungeon)

   Str:       It affects your strength (+6).
   rF:        It protects you from fire.
   rPois:     It protects you from poison.
Jewellery
 f - the ring "Xenesinu" {rC+ Dex+6}
   (You found it on level 7 of the Dungeon)

   [ring of dexterity]

   Dex:       It affects your dexterity (+6).
   rC:        It protects you from cold.
 i - an amulet of magic regeneration
 n - a ring of wizardry
 t - a ring of ice
 G - a +4 ring of protection (left hand)
Wands
 j - a wand of iceblast (8)
 s - a wand of acid (9)
 E - a wand of flame (29)
 H - a wand of paralysis (5)
Scrolls
 e - 3 scrolls of poison
 r - a scroll of enchant armour
 u - 2 scrolls of blinking
 v - 6 scrolls of fog
 A - 2 scrolls of amnesia
 D - 2 scrolls of fear
Potions
 g - 2 potions of mutation
 k - 4 potions of cancellation
 l - a potion of haste
 m - 4 potions of curing
 o - a potion of flight
 w - a potion of degeneration {unknown}
 z - 2 potions of magic
 C - a potion of brilliance {unknown}


   Skills:
 + Level 6.9 Fighting
 + Level 8.8 Axes
 + Level 7.7 Armour
 - Level 0.4 Stealth
 + Level 6.0 Shields
 * Level 4.8 Invocations
 * Level 5.0 Evocations


You had 9 spell levels left.
You didn't know any spells.
Your spell library contained the following spells:

 Spells                   Type           Power      Damage    Failure   Level
 Foxfire                  Conj/Fire      0%         2x1d4     100%        1
 Kiss of Death            Conj/Necr      0%         2d5       100%        1
 Magic Dart               Conj           0%         1d3       100%        1
 Sandblast                Erth           0%         2d4       100%        1
 Ensorcelled Hibernation  Hex/Ice        0%         N/A       100%        2
 Passwall                 Tmut/Erth      0%         N/A       100%        2
 Scorch                   Fire           0%         2d5       100%        2
 Wereblood                Tmut           0%         N/A       100%        2
 Confusing Touch          Hex            0%         N/A       100%        3
 Ignite Poison            Fire/Tmut/Pois 0%         N/A       100%        3
 Kindle Blastsparks       Fire/Tloc/Air  0%         2d10      100%        3
 Mephitic Cloud           Conj/Pois/Air  0%         N/A       100%        3
 Spider Form              Tmut/Pois      0%         N/A       100%        3
 Stone Arrow              Conj/Erth      0%         3d7       100%        3
 Swiftness                Air            0%         N/A       100%        3
 Anguish                  Hex/Necr       0%         N/A       100%        4
 Dispel Undead            Necr           0%         3d6       100%        4
 Flame Wave               Conj/Fire      0%         2d4       100%        4
 Fulminant Prism          Conj/Hex       0%         3d5       100%        4
 Iskenderun's Mystic Bla  Conj/Tloc      0%         2d3       100%        4
 Leda's Liquefaction      Hex/Erth       0%         N/A       100%        4
 Freezing Cloud           Conj/Ice/Air   0%         6-21      100%        5
 Lee's Rapid Deconstruct  Erth           0%         3d4*      100%        5
 Lehudib's Crystal Spear  Conj/Erth      0%         10d2      100%        8
 Fire Storm               Conj/Fire      0%         5d1       100%        9
 Call Imp                 Summ           Unusable   N/A       N/A         2
 Sublimation of Blood     Necr           Unusable   N/A       N/A         2
 Animate Armour           Summ/Erth      Unusable   N/A       N/A         4
 Summon Cactus Giant      Summ           Unusable   N/A       N/A         6
 Summon Hydra             Summ           Unusable   N/A       N/A         7

Dungeon Overview and Level Annotations

Branches:
Dungeon (8/15)             Temple (0/1) D:7            Lair (1/5) D:8
  Sewer (visited)

Altars:
Cheibriados
Dithmenos
Hepliaklqana
Kikubaaqudgha
Makhleb
Okawaru
Qazlal
Sif Muna
Trog
Uskayaw
The Shining One


Innate Abilities, Weirdness & Mutations

You are immune to sickness and miasma.
Your stone body is resilient. (AC +7)
You are immune to poison.
You resist negative energy. (rN+)
You are resistant to electric shocks. (rElec)
You are resistant to unholy torment.
You are immune to petrification.
Your flesh is heat resistant. (rF+)
Your natural rate of healing is unusually fast.
You are robust. (+10% HP)


Message History

You barely miss the wolf. The black mamba bites you!
* * * LOW HITPOINT WARNING * * *
The wolf bites you but does no damage. You block the wolf's attack.
The black mamba bites you but does no damage.
The wolf bites you but does no damage. x2
The yak gores you but does no damage.
You barely miss the yak.
The yak is heavily wounded.
You hit the black mamba but do no damage.
You hit the wolf. You closely miss the wolf. The black mamba barely misses you.
The wolf barely misses you. The wolf bites you but does no damage.
The black mamba completely misses you. The yak gores you but does no damage.
The wolf bites you but does no damage. x2
You feel much better.
The black mamba bites you but does no damage.
The wolf bites you. The wolf bites you but does no damage.
The black mamba bites you! The yak gores you but does no damage.
You feel very mighty all of a sudden.
The wolf bites you but does no damage. x2
The black mamba bites you but does no damage.
The wolf bites you but does no damage. You block the wolf's attack.
The black mamba barely misses you. The yak gores you.
Unknown command.
You hit the yak.
The yak is severely wounded.
You barely miss the black mamba. You miss the wolf. You closely miss the wolf.
The wolf bites you!
* * * LOW HITPOINT WARNING * * *
You block the wolf's attack.
The black mamba bites you but does no damage.
The wolf bites you!
* * * LOW HITPOINT WARNING * * *
The wolf bites you but does no damage. The yak gores you but does no damage.
The black mamba bites you.
* * * LOW HITPOINT WARNING * * *
You barely miss the yak.
The yak is severely wounded.
You closely miss the black mamba. You closely miss the wolf. x2
The wolf bites you but does no damage. x2; The black mamba bites you!
You die...

#.####
###..####.....####..#.... ###
#...#.......## #.......
###...........## #.......
#.#......÷.....## ##......
##...............# #.......
#.........♣...♣..###.......
##.........................
###........hYSP...P...##....#
#...........@h.♣......##....#
#..##♣............PP........#
##.............♣..PP...##...#
##............................
#....#........P.P..♣.........#
##.####.......................
### #.#...PP................
#####....P.......<......
###.................


You could see a black mamba, a yak and 2 wolves.

Vanquished Creatures
  Grinder (D:3)
  Sigmund (D:4)
  3 wyverns
  6 yaks (D:8)
  A basilisk (D:8)
  A steam dragon (D:7)
  3 water moccasins (D:7)
  An orc warrior (D:7)
  3 sky beasts
  2 black bears (D:7)
  An ice beast (D:5)
  A wolf (D:8)
  2 phantoms
  2 kobold brigands
  A scorpion (D:7)
  3 bullfrogs
  A wight (D:6)
  14 killer bees
  A gnoll bouda (D:8)
  2 hounds (D:5)
  5 orc priests
  2 sleepcaps
  2 jellies
  Ijyb (D:4)
  Natasha (thrice) (D:3)
  An iguana (D:8)
  2 orc wizards
  4 gnolls
  A river rat (Sewer)
  10 adders
  3 shadow imps
  2 ufetubi (D:6)
  4 worms
  3 dart slugs (D:4)
  16 orcs
  12 endoplasms
  16 giant cockroaches
  9 goblins
  8 hobgoblins
  3 jackals (D:5)
  12 kobolds
  4 quokkas
  14 ball pythons
  5 bats
  4 frilled lizards
  7 rats
203 creatures vanquished.

Vanquished Creatures (others)
  3 bushes (D:8)
  10 fungi (D:8)
  22 plants (D:8)
35 creatures vanquished.

Grand Total: 238 creatures vanquished

Notes
Turn   | Place    | Note
-------+----------+-------------------------------------------
     0 | D:1      | bande the Gargoyle Fighter began the quest for the Orb.
     0 | D:1      | Reached XP level 1. HP: 14/14 MP: 1/1
   120 | D:1      | Reached XP level 2. HP: 19/19 MP: 2/2
   219 | D:1      | Reached XP level 3. HP: 18/23 MP: 3/3
   685 | D:2      | Reached skill level 2 in Axes
   869 | D:2      | Gained mutation: You have a pair of small horns on your
                  | head. [potion of mutation]
   869 | D:2      | Gained mutation: You expend magic power (3 MP) to
                  | strengthen your wands. [potion of mutation]
   869 | D:2      | Gained mutation: You passively map a small area around you.
                  | [potion of mutation]
   870 | D:2      | Lost mutation: You have a pair of small horns on your head.
                  | [potion of mutation]
   870 | D:2      | Lost mutation: You expend magic power (3 MP) to strengthen
                  | your wands. [potion of mutation]
   870 | D:2      | Lost mutation: You passively map a small area around you.
                  | [potion of mutation]
   870 | D:2      | Gained mutation: Your flesh is heat resistant. (rF+)
                  | [potion of mutation]
   870 | D:2      | Gained mutation: You are robust. (+10% HP) [potion of
                  | mutation]
   870 | D:2      | Gained mutation: Your natural rate of healing is unusually
                  | fast. [potion of mutation]
   921 | D:2      | Reached XP level 4. HP: 28/31 MP: 4/4
  1208 | D:3      | Noticed Natasha
  1219 | D:3      | Killed Natasha
  1328 | D:3      | Noticed Natasha
  1332 | D:3      | Killed Natasha
  1333 | D:3      | Reached XP level 5. HP: 34/36 MP: 5/5
  1360 | D:3      | Noticed Natasha
  1372 | D:3      | Killed Natasha
  1373 | D:3      | Reached skill level 3 in Axes
  1385 | D:3      | Noticed Grinder
  1387 | D:3      | Paralysed by Grinder for 4 turns
  1410 | D:3      | Paralysed by Grinder for 5 turns
  1433 | D:3      | Paralysed by Grinder for 4 turns
  1438 | D:3      | Killed Grinder
  1439 | D:3      | Reached skill level 4 in Axes
  1439 | D:3      | Reached XP level 6. HP: 39/42 MP: 6/6
  1579 | D:3      | Found a shimmering blue altar of Sif Muna.
  2083 | D:4      | Noticed Ijyb
  2101 | D:4      | Killed Ijyb
  2102 | D:4      | Reached XP level 7. HP: 42/48 MP: 7/7
  2466 | D:4      | Noticed a wyvern
  2474 | D:4      | Killed a wyvern
  2475 | D:4      | Reached skill level 5 in Fighting
  2475 | D:4      | Reached skill level 5 in Armour
  2475 | D:4      | Reached skill level 1 in Evocations
  2516 | D:4      | Reached skill level 5 in Axes
  2554 | D:4      | Noticed Sigmund
  2575 | D:4      | Killed Sigmund
  2590 | D:4      | Reached XP level 8. HP: 53/53 MP: 8/8
  2669 | D:4      | Got the Tome of the Ground and Fever
  2958 | D:5      | Entered Level 5 of the Dungeon
  3324 | D:5      | Reached skill level 6 in Axes
  3899 | D:6      | Found a glowing drain.
  3909 | Sewer    | Entered a sewer
  4239 | Sewer    | Found a viscous altar of Jiyva.
  4479 | D:6      | Found an ancient bone altar of Kikubaaqudgha.
  4479 | D:6      | Found a glowing golden altar of the Shining One.
  4481 | D:6      | Found a hide-covered altar of Uskayaw.
  4481 | D:6      | Found a burning altar of Makhleb.
  4482 | D:6      | Found an iron altar of Okawaru.
  4493 | D:6      | Became a worshipper of Warmaster Okawaru
  4502 | D:6      | Found a stormy altar of Qazlal.
  4503 | D:6      | Found a shadowy altar of Dithmenos.
  4972 | D:6      | Reached skill level 1 in Invocations
  5146 | D:7      | Reached skill level 5 in Shields
  5146 | D:7      | Reached XP level 9. HP: 57/60 MP: 10/10
  5165 | D:7      | Reached * piety under Okawaru
  5263 | D:7      | Reached skill level 7 in Axes
  5447 | D:7      | Identified the ring "Xenesinu" {rC+ Dex+6}
  5469 | D:7      | Found a staircase to the Ecumenical Temple.
  5634 | D:7      | Reached ** piety under Okawaru
  5734 | D:7      | Found a bloodstained altar of Trog.
  5750 | D:7      | Identified the +0 scale mail of the Desolation of Salt
                  | {rPois rF+ Str+6}
  6073 | D:7      | Reached skill level 8 in Axes
  6319 | D:7      | Reached XP level 10. HP: 66/67 MP: 12/12
  6488 | D:8      | Reached *** piety under Okawaru
  6582 | D:8      | Found a staircase to the Lair.
  6671 | D:8      | Found a snail-covered altar of Cheibriados.
  6960 | D:8      | Found a hazy altar of Hepliaklqana.
  7381 | Lair:1   | Entered Level 1 of the Lair of Beasts
  7385 | Lair:1   | Noticed a black mamba
  7394 | D:8      | Reached skill level 5 in Evocations
  7516 | D:8      | HP: 2/67 [black mamba (6)]
  7517 | D:8      | Mangled by a black mamba

Illustrated notes

Levels and vault maps discovered:
D:1:      shiori_arrival_oz, layout_basic
D:2:      layout_rooms
D:3:      layout_basic, led_sif_book, grunt_ministairs_15, minmay_box_of_dots,
          uniq_natasha, uniq_grinder
D:4:      layout_loops_ring, kennysheep_diamond, hex_medium, uniq_sigmund,
          uniq_ijyb
D:5:      layout_loops_ring
D:6:      layout_rooms, grunt_temple_overflow_open, okawaru_trees_1,
          portal_sewer_entry_f, minmay_misc_feat_nine_boxes, grunt_tough_drop
D:7:      layout_cave_pools, lemuel_round_altar, minmay_temple_entry_metal_lava,
          serial_column_ruins, column_ruins_open_small,
          column_ruins_columns_straight, column_ruins_open_tiny,
          column_ruins_grid_1
D:8:      layout_cave_pools, lemuel_coloured_pillars_altar,
          mainiacjoe_overflow_alcove_1, minmay_lair_entry_grove,
          dreamdust_mushroom_princess
Lair:1:   layout_concentric_octagons, chequers_serial_rivers_large_a,
          infiniplex_staircase_pool, lemuel_fruit_tree

Skill      XL: |  1  2  3  4  5  6  7  8  9 10 |
---------------+-------------------------------+-----
Axes           | 2 4 5 6 8 |  8.8
Armour         | 4 5 6 7 |  7.7
Shields        | 4 5 6 |  6.0
Fighting       | 4 5 6 |  6.9
Evocations     | 1 3 4 5 |  5.0
Invocations    | 1 3 4 |  4.8
Stealth        | |  0.4

Action                     |  1- 3 |  4- 6 |  7- 9 | 10-12 || total
---------------------------+-------+-------+-------+-------++-------
  Melee: War axe           |    94 |   115 |   467 |   127 ||   803
    Use: Scroll            |     7 |     1 |    11 |       ||    19
         Potion            |     2 |       |       |     2 ||     4
 Armour: Scale mail        |    50 |       |       |       ||    50
         Plate armour      |    10 |   100 |   476 |   247 ||   833
  Dodge: Dodged            |    51 |    32 |   174 |   100 ||   357
  Block: Buckler           |    31 |    21 |   136 |    62 ||   250

Table legend: (Time is in decaauts)
 A = Elapsed time spent in this place.
 B = Non-inter-level travel time spent in this place.
 C = Inter-level travel time spent in this place.
 D = Time resting spent in this place.
 E = Time spent auto-exploring this place.
 F = Levels seen in this place.
 G = Mean time per level.
                   A        B        C        D        E       F      G
               +--------+--------+--------+--------+--------+-----+--------+
         Total |   7771 |   7569 |    202 |   1395 |   3834 |  10 |  777.1 |
       Dungeon |   7265 |   7063 |    202 |   1195 |   3726 |   8 |  908.1 |
          Lair |      8 |      8 |      0 |      0 |      0 |   1 |    8.0 |
         Sewer |    496 |    496 |      0 |    200 |    107 |   1 |  496.0 |
               +--------+--------+--------+--------+--------+-----+--------+

Top non-repeatable levels by time:
     D:8: 1270 daAuts
     D:7: 1138 daAuts
     D:4: 986 daAuts
     D:5: 928 daAuts
     D:3: 887 daAuts
     D:6: 840 daAuts
     D:1: 693 daAuts
     D:2: 521 daAuts
   Sewer: 496 daAuts
  Lair:1: 8 daAuts
